AoeStats
← aDT_The Night Panda

Coastal Forest

503171832Analyzed
3v3 RM · 1mo ago on Aug 30, 2026· 31m 15s· 6 players
Game mode
Random Map
Map size
Normal (6 player)
Population
200
Speed
Normal
Resources
Standard
Victory
Conquest
Starting age
Dark Age
Ending age
Imperial Age
RankedLock teamsTeams togetherTeam positionsShared explorationLock speedFull tech treeHidden civsTurbo modeCheats
Victory
Defeat
🇻🇳 Aztecs · Vietnam
1806
+12
🇻🇳 Japanese · Vietnam
1803
+12
🇻🇳 Lithuanians · Vietnam
1783
+13
🇩🇰 Khmer · Denmark
1713
-12
🇩🇰 Teutons · Denmark
1706
-12
🇩🇰 Malians · Denmark
1703
-12
DK | MF
5:02 Loom
9:10 Feudal Age
14:09 Fletching
15:33 Padded Archer Armor
19:44 Wheelbarrow
21:22 Castle Age
21:24 Crossbowman
22:00 Bodkin Arrow
23:55 Ballistics
DK | Mauseren
5:29 Loom
10:52 Loom
13:03 Feudal Age
16:02 Castle Age
14:36 Double-Bit Axe
17:02 Bow Saw
17:06 Medium Warships
22:56 Forging
27:23 Fishing Lines
aDT_The Night Panda
11:20 Loom
14:41 Feudal Age
17:55 Double-Bit Axe
21:53 Castle Age
19:37 Fishing Lines
25:03 Scale Barding Armor
25:00 Husbandry
26:11 Chain Barding Armor
29:03 Bloodlines
30:15 Light Cavalry
iLikeToWin
3:12 Loom
18:01 Feudal Age
21:41 Castle Age
20:54 Double-Bit Axe
20:50 Horse Collar
21:01 Gold Mining
22:46 Bow Saw
23:45 Sanctity
28:07 Fervor
HoangNguyen
5:05 Loom
11:03 Feudal Age
14:45 Castle Age
14:12 Scale Barding Armor
19:17 Medium Warships
27:06 Forging
27:21 Double-Bit Axe
30:22 Light Cavalry
32:02 Bloodlines
31:52 Husbandry
DL-Empty
0:55 Loom
10:31 Feudal Age
11:38 Double-Bit Axe
13:20 Fletching
20:07 Castle Age
18:20 Padded Archer Armor
18:12 Gold Mining
18:43 Horse Collar
20:10 Crossbowman
20:45 Bodkin Arrow
23:24 Ballistics
24:49 Thumb Ring
29:08 Wheelbarrow
28:45 Bow Saw
Connection lost

Rejoining the realm…

Still unreachable

The connection could not be restored.

Session expired

The server has moved on; the page needs a fresh start.